 Dungeon Crawl Stone Soup version 0.24-a0-447-ge8da920 (webtiles) character file.

Game seed: 2994607522997043049

9765 CanOfBees the Summoner (level 11, -4/85 HPs)
             Began as a Human Summoner on June 25, 2019.
             Was a High Priest of Okawaru.
             Slain by a komodo dragon (28 damage)
             ... on level 2 of the Lair of Beasts.
             The game lasted 00:48:16 (29124 turns).

CanOfBees the Summoner (Human Summoner)            Turns: 29124, Time: 00:48:17

Health: -4/85      AC:  8    Str: 10    XL:     11   Next: 80%
Magic:  11/23      EV: 17    Int: 18    God:    Okawaru [*****.]
Gold:   337        SH:  0    Dex: 13    Spells: 7/26 levels left

rFire    + . .     SeeInvis .   b - +8 bardiche "Zuhibi" {chop, rN+}
rCold    x . .     Gourm    +   (shield currently unavailable)
rNeg     + . .     Faith    .   R - +2 robe {MR+}
rPois    .         Spirit   .   m - +1 helmet
rElec    .         Reflect  .   (no cloak)
rCorr    .         Harm     .   (no gloves)
MR       +....                  h - +1 pair of boots
Stlth    ++........             I - amulet of the gourmand
HPRegen  0.24/turn              x - ring of fire
MPRegen  0.18/turn              T - +3 ring of evasion

@: lethally poisoned (-4 -> -5)
A: no striking features
a: Heroism, Finesse, Renounce Religion


You were on level 2 of the Lair of Beasts.
You worshipped Okawaru.
Okawaru was extremely pleased with you.
You were very full.

You visited 3 branches of the dungeon, and saw 13 of its levels.

You collected 594 gold pieces.
You spent 257 gold pieces at shops.

Inventory:

Hand Weapons
 a - a +0 spear
 b - the +8 bardiche "Zuhibi" (weapon) {chop, rN+}
   (Okawaru gifted it to you on level 1 of the Lair of Beasts)

   It inflicts extra damage upon your enemies.
   It protects you from negative energy.
 w - a +0 whip of electrocution
Missiles
 l - 14 stones
 p - 194 arrows
 D - 3 boomerangs
 E - 21 poisoned darts
 H - 5 throwing nets
 K - a silver javelin (quivered)
 N - 8 curare-tipped darts
 Y - 2 silver boomerangs
Armour
 e - a +0 hat of magic resistance
 h - a +1 pair of boots (worn)
 m - a +1 helmet (worn)
 R - a +2 robe of magic resistance (worn)
 U - a +0 shield
Magical Staves
 P - an uncursed staff of energy
 W - an uncursed staff of conjuration
 X - an uncursed staff of wizardry
Jewellery
 g - a +2 ring of protection
 q - an uncursed ring of protection from cold
 x - a ring of fire (left hand)
 I - an amulet of the gourmand (around neck)
 T - a +3 ring of evasion (right hand)
Wands
 f - a wand of polymorph (6)
 y - a wand of random effects (18)
 B - a wand of flame (44)
 G - a wand of iceblast (12)
 V - a wand of acid (13)
Scrolls
 d - a scroll of fear
 i - 2 scrolls of immolation
 k - 2 scrolls of enchant armour
 n - 5 scrolls of teleportation
 s - 5 scrolls of remove curse
 t - 2 scrolls of enchant weapon
 v - a scroll of magic mapping
 C - a scroll of noise
 L - 3 scrolls of fog
 Q - 2 scrolls of blinking {unknown}
Potions
 j - 10 potions of curing
 o - a potion of brilliance
 r - a potion of agility
 u - a potion of heal wounds
 z - 2 potions of flight
 J - a potion of mutation
 M - 2 potions of lignification
 O - a potion of resistance
 Z - a potion of berserk rage {unknown}
Miscellaneous
 A - a box of beasts
Comestibles
 c - 27 rations


   Skills:
 + Level 7.7 Fighting
 + Level 4.8 Polearms
 - Level 4.0 Armour
 - Level 4.0 Dodging
 - Level 2.0 Stealth
 - Level 8.0 Spellcasting
 + Level 8.8 Summonings
 - Level 3.4 Ice Magic
 - Level 3.0 Air Magic
 + Level 7.2 Invocations


You had 7 spell levels left.
You knew the following spells:

 Your Spells              Type           Power        Failure   Level  Hunger
a - Summon Small Mammal   Summ           ####         1%          1    None
b - Call Imp              Summ           #####...     1%          2    None
c - Call Canine Familiar  Summ           #####...     1%          3    #......
d - Summon Lightning Spi  Summ/Air       ####....     9%          4    ###....
e - Summon Ice Beast      Ice/Summ       ####....     8%          4    ###....
f - Summon Mana Viper     Hex/Summ       ###.....     41%         5    #####..

Your spell library contained the following spells:

 Spells                   Type           Power        Failure   Level  Hunger
 Summon Butterflies       Summ           #####...     1%          1    None
 Summon Guardian Golem    Hex/Summ       ###.....     4%          3    #......
 Beastly Appendage        Tmut           #.....       10%         1    None
 Sticks to Snakes         Tmut           #.......     14%         2    None
 Spider Form              Tmut/Pois      #.........   28%         3    #......
 Ice Form                 Ice/Tmut       ##......     43%         4    ###....
 Summon Hydra             Summ           #####.....   91%         7    #######
 Blade Hands              Tmut           #.........   95%         5    #####..


Dungeon Overview and Level Annotations

Branches:
Dungeon (10/15)            Temple (1/1) D:5            Lair (2/6) D:8
  Swamp (0/4) Lair:2
  Snake: Lair:2-4    Spider: Lair:2-4       Orc: D:9-12

Altars:
Ashenzari
Cheibriados
Dithmenos
Elyvilon
Fedhas
Gozag
Hepliaklqana
Kikubaaqudgha
Makhleb
Nemelex Xobeh
Okawaru
Qazlal
Ru
Sif Muna
Trog
Uskayaw
Vehumet
Wu Jian
Xom
Yredelemnul
Zin
The Shining One

Shops:
D:4 }   D:5 (%![*   D:6 (

Annotations:
D:5 exclusion: 2 doors
D:6 1 runed translucent door, RatchetSly's ghost, novice MiFi


Message History

You feel sick.
Your hound bites the komodo dragon but does no damage.
The water moccasin closely misses you. The komodo dragon misses your hound.
Your hound bites the komodo dragon but does no damage.
You feel sick.
Your hound bites the komodo dragon.
The water moccasin closely misses you. The komodo dragon bites your hound!
Your hound bites the komodo dragon. x2; The komodo dragon bites your hound!
Your hound dies!
Your hound's corpse disappears in a puff of smoke!
The komodo dragon hisses angrily.
Okay, then.
Casting: Summon Ice Beast (safe; 8% risk of failure)
Confirm with . or Enter, or press ? or * to list all spells.
A chill wind blows around you.
You feel sick. The water moccasin closely misses you.
The water moccasin barely misses you.
Your ice beast barely misses the komodo dragon.
You closely miss the water moccasin.
You feel sick.
The water moccasin completely misses you.
The komodo dragon bites you!!
You die...

#..## ######..###....#.8.## ##..#
##.##........... #..######
#...#.....8.>..+ ....#...#
######..#....#.....# .......P##
#.##..#..##)....8.## ........P#
####.....#.#......#.## ........##
♣...........###....... ........#
♣............#........
..)....♣♣♣♣♣....@S...............
......♣♣§§♣♣♣....lY.........##...
......♣≈§§§≈♣....Y.........## .#
.......≈§§§♣♣.......l......# #
......♣§§§§♣♣..............#
......♣♣≈♣§♣♣........#.....#
.....## ♣♣ ♣........P##...#...
.....# ..........###.......
##..## ........### #...[...


You could see 2 komodo dragons, a water moccasin and 2 friendly ice beasts.

Vanquished Creatures
  A black mamba (Lair:1)
  2 hippogriffs
  4 yaks
  A basilisk (D:8)
  Menkaure (D:6)
  A swamp worm (Lair:2)
  2 hell hounds (Lair:2)
  2 orc warriors (D:7)
  A porcupine (Lair:1)
  An ice beast (D:7)
  A sky beast (D:6)
  An eye of draining (D:6)
  3 phantoms
  A wolf (Lair:2)
  2 centaurs
  3 ogres
  2 crocodiles
  A big kobold (D:10)
  5 bullfrogs
  A scorpion (D:4)
  2 water moccasin skeletons
  2 wights (D:6)
  2 jellies
  5 crimson imps
  A bullfrog zombie (D:7)
  4 hounds
  A bullfrog skeleton (D:6)
  8 orc priests
  3 orc wizards
  An iguana (D:9)
  2 worker ants
  3 hound skeletons
  An adder (D:3)
  4 gnolls (D:4)
  3 oozes
  An adder zombie (D:8)
  An adder skeleton (D:6)
  6 worms
  A dart slug (D:2)
  5 leopard geckos
  14 orcs
  7 bats
  7 giant cockroaches
  8 goblins
  2 hobgoblins (D:2)
  8 jackals
  5 kobolds
  4 quokkas
  2 frilled lizards
  A jackal zombie (D:5)
  2 quokka skeletons
  A quokka zombie (D:6)
  6 rats
159 creatures vanquished.

Vanquished Creatures (collateral kills)
  Gastronok (Lair:1)
  A hydra (Lair:1)
  Harold (Lair:1)
  Pikel (D:6)
  2 spiny frogs (Lair:1)
  A blink frog (Lair:2)
  3 hippogriffs
  2 basilisks (Lair:1)
  2 yaks (Lair:2)
  4 water moccasins
  A porcupine (Lair:1)
  2 sky beasts
  An orc warrior (D:6)
  A centaur (D:6)
  3 phantoms
  7 wolves
  3 crocodiles
  2 big kobolds
  2 bullfrogs
  A scorpion (D:4)
  7 killer bees
  3 wights
  A howler monkey (D:5)
  3 crimson imps
  4 hounds
  6 jellies
  7 orc wizards
  An iguana (D:5)
  A worker ant (D:4)
  A hound zombie (D:5)
  9 adders
  6 gnolls
  A shadow imp (D:6)
  3 oozes (D:8)
  A worm (D:4)
  A leopard gecko (D:3)
  19 orcs
  2 giant cockroaches
  5 goblins
  5 hobgoblins (D:1)
  2 jackals
  4 quokkas
  2 bats
  A jackal zombie (D:5)
  15 kobolds
  A quokka zombie (D:6)
  A rat (D:1)
  A fungus (Lair:1)
154 creatures vanquished.

Vanquished Creatures (others)
  A slave (D:7)
  A hound (D:7)
  An orc priest (D:7)
  A gnoll shaman (D:7)
  2 orc wizards
  A worker ant (D:7)
  4 gnolls (D:7)
  3 orcs
  A fungus (Lair:2)
  2 withered plants (D:6)
17 creatures vanquished.

Grand Total: 330 creatures vanquished

Notes
Turn   | Place    | Note
-------+----------+-------------------------------------------
     0 | D:1      | CanOfBees the Human Summoner began the quest for the Orb.
     0 | D:1      | Reached XP level 1. HP: 13/13 MP: 3/3
   776 | D:1      | Reached XP level 2. HP: 6/20 MP: 1/5
   999 | D:1      | Learned a level 2 spell: Call Imp
  1793 | D:1      | Reached XP level 3. HP: 21/25 MP: 3/6
  1992 | D:1      | Reached skill level 1 in Fighting
  2432 | D:2      | Reached XP level 4. HP: 27/32 MP: 4/7
  4593 | D:3      | Reached XP level 5. HP: 38/38 MP: 2/9
  5509 | D:3      | Learned a level 3 spell: Call Canine Familiar
  6011 | D:3      | Found a snail-covered altar of Cheibriados.
  6354 | D:4      | Noticed an ogre
  6396 | D:4      | Noticed a phantom
  6417 | D:3      | Killed a phantom
  6417 | D:3      | Reached XP level 6. HP: 26/46 MP: 6/10
  6598 | D:4      | Reached skill level 1 in Armour
  6624 | D:4      | Killed an ogre
  6624 | D:4      | Reached skill level 5 in Summonings
  6709 | D:4      | Found Miyklum's Gadget Boutique.
  7177 | D:4      | Found a glowing golden altar of the Shining One.
  7268 | D:4      | Reached XP level 7. HP: 48/52 MP: 8/12
  8461 | D:5      | Entered Level 5 of the Dungeon
  8631 | D:5      | Found a staircase to the Ecumenical Temple.
  8660 | Temple   | Entered the Ecumenical Temple
  8848 | Temple   | Became a worshipper of Warmaster Okawaru
  9031 | D:5      | Found Aggoywow's Antique Weapon Emporium.
  9170 | D:5      | Found Esaodemo's Antique Armour Boutique.
  9190 | D:5      | Reached XP level 8. HP: 55/60 MP: 14/14
  9225 | D:5      | Found Urcheik's Distillery.
  9236 | D:5      | Bought a potion of mutation for 88 gold pieces
  9236 | D:5      | Bought 2 potions of degeneration for 22 gold pieces
  9236 | D:5      | Bought a potion of lignification for 33 gold pieces
  9661 | D:5      | Reached skill level 1 in Invocations
  9710 | D:5      | Found Holuuram's Food Shoppe.
  9781 | D:5      | Found Baopekk's General Store.
  9785 | D:5      | Reached skill level 1 in Polearms
 10521 | D:6      | Found a runed translucent door.
 10521 | D:6      | Noticed RatchetSly's ghost (novice MiFi)
 10596 | D:6      | Reached * piety under Okawaru
 11441 | D:6      | Noticed Menkaure
 11699 | D:6      | Killed Menkaure
 11699 | D:6      | Reached skill level 5 in Spellcasting
 11699 | D:6      | Reached XP level 9. HP: 20/67 MP: 16/16
 11939 | D:6      | Found a shattered altar of Ashenzari.
 12068 | D:6      | Found Viomyesyngoy's Weapon Emporium.
 12150 | D:6      | Reached skill level 5 in Fighting
 12165 | D:5      | Reached ** piety under Okawaru
 13072 | D:6      | Found an opulent altar of Gozag.
 13215 | D:6      | Learned a level 4 spell: Summon Lightning Spire
 13361 | D:7      | Noticed Pikel
 13378 | D:6      | Killed Pikel
 13378 | D:6      | Reached skill level 1 in Air Magic
 13715 | D:7      | Noticed a hippogriff
 13734 | D:7      | Killed a hippogriff
 14659 | D:7      | Reached XP level 10. HP: 44/76 MP: 18/18
 16083 | D:8      | Learned a level 4 spell: Summon Ice Beast
 16142 | D:8      | Found a staircase to the Lair.
 16173 | D:7      | Reached skill level 5 in Invocations
 16367 | D:7      | Reached skill level 1 in Ice Magic
 16571 | D:8      | Reached *** piety under Okawaru
 18594 | D:5      | Bought an embroidered robe for 114 gold pieces
 21385 | D:10     | Entered Level 10 of the Dungeon
 23347 | Lair:1   | Entered Level 1 of the Lair of Beasts
 23547 | Lair:1   | Noticed a spiny frog
 23568 | Lair:1   | Killed a spiny frog
 23568 | Lair:1   | Reached **** piety under Okawaru
 23642 | Lair:1   | Noticed a seven-headed hydra
 23678 | Lair:1   | Killed a seven-headed hydra
 23678 | Lair:1   | Reached XP level 11. HP: 11/83 MP: 7/21
 24013 | Lair:1   | Noticed Gastronok
 24032 | Lair:1   | Killed Gastronok
 24626 | Lair:1   | Noticed Harold
 25451 | Lair:1   | Reached ***** piety under Okawaru
 26945 | Lair:1   | Killed Harold
 26945 | Lair:1   | Received a gift from Okawaru
 26950 | Lair:1   | Got a transparent bardiche {god gift}
 27851 | Lair:1   | Learned a level 5 spell: Summon Mana Viper
 27854 | Lair:1   | Identified the +8 bardiche "Zuhibi" {chop, rN+} (Okawaru
                  | gifted it to you on level 1 of the Lair of Beasts)
 28467 | Lair:2   | Found a staircase to the Swamp.
 29124 | Lair:2   | Slain by a komodo dragon

Levels and vault maps discovered:
D:1:      tarquinn_simple_flora_water_c, layout_basic, serial_forest,
          infiniplex_forest_clump_long, infiniplex_forest_lined_corner,
          infiniplex_forest_straight_5, infiniplex_forest_lined_2,
          infiniplex_forest_clump_cross, infiniplex_forest_clump_small,
          minmay_misc_feat_room, hex_large
D:2:      layout_basic, grunt_decor_resistance, hangedman_decor_points,
          minmay_tromino_v4_c
D:3:      layout_loops_ring, cheibriados_altar_1
D:4:      layout_loops_ring, first_ration, serial_shops, shop, tso_altar
D:5:      cheibrodos_two_vegetables, layout_rooms, minmay_temple_entry_tees,
          serial_shops, nicolae_shop_behind_doors, shop, shop,
          nicolae_shop_stone, shop_fountains, serial_bayou_pond_c
D:6:      layout_gridville, kennysheep_little_box, gammafunk_ghost_grave,
          serial_shops, shop, grunt_gozag_statues, uniq_menkaure
D:7:      layout_loops_ring, grunt_ministairs_10, uniq_pikel
D:8:      layout_layer_cave, david_lair_generic, hangedman_little_slice_of_home
D:9:      layout_cave_pools
D:10:     layout_gridville
Temple:   minmay_crystal_snake_temple
Lair:1:   layout_layer_cave, grunt_megastairs_5, uniq_gastronok, uniq_harold
Lair:2:   layout_cave_pods, minmay_swamp_entry_worms, enter_volcano_3,
          grunt_megastairs_3

Skill      XL: |  1  2  3  4  5  6  7  8  9 10 11 |
---------------+----------------------------------+-----
Fighting       | 1 2 3 4 5 6 7 |  7.7
Dodging        | 3 4 |  4.0
Spellcasting   | 3 4 5 6 8 |  8.0
Armour         | 1 2 3 4 |  4.0
Summonings     | 5 6 7 8 |  8.8
Invocations    | 3 4 6 7 |  7.2
Polearms       | 2 3 4 |  4.8
Air Magic      | 2 3 |  3.0
Ice Magic      | 2 3 |  3.4
Stealth        | |  2.0

Action                   |  1- 3 |  4- 6 |  7- 9 | 10-12 || total
-------------------------+-------+-------+-------+-------++-------
Melee: Dagger            |    91 |       |       |       ||    91
       Unarmed           |    14 |       |       |       ||    14
       Long sword        |    26 |    87 |       |       ||   113
       Halberd           |       |    90 |   364 |   326 ||   780
       Bardiche          |       |       |       |    52 ||    52
Throw: Stone             |     1 |     5 |       |       ||     6
       Throwing net      |       |       |     1 |       ||     1
       Javelin           |       |       |     7 |    13 ||    20
 Cast: Summon Small Mamm |    17 |       |     3 |       ||    20
       Call Imp          |     7 |    36 |    56 |    71 ||   170
       Call Canine Famil |       |    11 |    30 |    45 ||    86
       Summon Ice Beast  |       |       |       |    41 ||    41
       Summon Lightning  |       |       |       |     7 ||     7
Invok: Heroism           |       |       |     1 |       ||     1
Evoke: Wand              |       |       |       |     5 ||     5
  Use: Scroll            |     4 |     4 |     6 |     5 ||    19
       Potion            |       |       |       |     5 ||     5
 Stab: Distracted        |     1 |       |     5 |     4 ||    10
       Sleeping          |     2 |     2 |       |       ||     4
  Eat: Chunk             |     6 |    18 |    28 |    52 ||   104
       Ration            |       |       |     1 |     1 ||     2
Armor: Robe              |    54 |    17 |       |    81 ||   152
       Ring mail         |       |    47 |   256 |    91 ||   394
Dodge: Dodged            |   130 |   123 |   248 |   447 ||   948
       Rpst.: Long sword |    15 |    23 |       |       ||    38

Table legend:
 A = Non-vault XP
 B = Vault XP
 C = Vault XP percentage of total XP
 D = Non-vault monster count
 E = Vault monster count
 F = Vault count percentage of total count
                 A         B        C        D         E       F
            +---------+---------+-------+---------+---------+-------
      Total |    9444 |    4506 |  32.3 |     284 |      30 |   9.6
            +---------+---------+-------+---------+---------+-------
        D:1 |      34 |       0 |   0.0 |      22 |       0 |   0.0
        D:2 |      85 |       7 |   7.6 |      24 |       1 |   4.0
        D:3 |     165 |       0 |   0.0 |      24 |       0 |   0.0
        D:4 |     474 |       0 |   0.0 |      33 |       0 |   0.0
        D:5 |     487 |     123 |  20.2 |      25 |       3 |  10.7
        D:6 |    1086 |     738 |  40.5 |      29 |       3 |   9.4
        D:7 |    1040 |     279 |  21.2 |      16 |       5 |  23.8
        D:8 |     708 |     460 |  39.4 |      39 |      11 |  22.0
        D:9 |     803 |       0 |   0.0 |      18 |       0 |   0.0
       D:10 |     483 |       0 |   0.0 |      24 |       0 |   0.0
     Lair:1 |    2428 |    2459 |  50.3 |      17 |       4 |  19.0
     Lair:2 |    1651 |     440 |  21.0 |      13 |       3 |  18.8
            +---------+---------+-------+---------+---------+-------
